 Dungeon Crawl Stone Soup version 0.17.1-3-g152610e (webtiles) character file.

101 Mestraal the Covered (level 4, -1/46 HPs)
             Began as a High Elf Fighter on Feb 27, 2016.
             Slain by a gnoll
             ... wielding a +0 flail
              (2 damage)
             ... on level 2 of the Dungeon.
             The game lasted 00:11:41 (3393 turns).

Mestraal the Covered (High Elf Fighter)             Turns: 3393, Time: 00:11:41

Health: -1/46      AC: 22    Str: 17 (21) XL:     4   Next: 48%
Magic:  5/5        EV:  2    Int: 11      God:
Gold:   97         SH:  9    Dex: 15      Spells: 0 memorised, 3 levels left

rFire  . . .     SeeInvis .     a - +0 long sword
rCold  . . .     Clarity  .     (armour currently unavailable)
rNeg   + + +     SustAt   .     c - +0 shield
rPois  +         Gourm    .     (helmet currently unavailable)
rElec  .         Spirit   .     (cloak currently unavailable)
rCorr  +         Warding  .     (gloves currently unavailable)
rMut   .         NoTele   +     (boots currently unavailable)
MR     .....                    k - amulet of resist corrosion
Stlth  +.........               (no ring)
                                (no ring)

@: mighty, tree-form, not resistant to hostile enchantments, very unstealthy
A: no striking features
a: no special abilities


You were on level 2 of the Dungeon.
You were not hungry.
You were a tree.
You visited 1 branch of the dungeon, and saw 3 of its levels.

You collected 97 gold pieces.

Inventory:

Hand Weapons
 a - a +0 long sword (weapon)
 l - a +1 hand axe of distortion
Missiles
 q - 19 sling bullets
Armour
 b - a +0 scale mail (melded)
 c - a +0 shield (worn)
 e - a +0 cloak (melded)
 h - a +0 leather armour
 j - a +0 naga barding
Jewellery
 k - an amulet of resist corrosion (around neck)
Wands
 n - a wand of enslavement (14)
Scrolls
 f - a scroll of random uselessness {unknown}
 g - 3 scrolls of identify {unknown}
 m - a scroll of remove curse {unknown}
Comestibles
 o - 3 fruits
 r - a beef jerky
 t - a bread ration


   Skills:
 + Level 3.4 Fighting
 + Level 2.8 Long Blades
 + Level 3.4 Armour
 + Level 2.0 Dodging
 + Level 3.3 Shields


You had 3 spell levels left.
You didn't know any spells.

Dungeon Overview and Level Annotations

Branches:
Dungeon (3/15)

Altars:


Message History

You barely miss the gnoll.
The jackal bites you but does no damage.
The gnoll hits you with a club.
* * * LOW HITPOINT WARNING * * *
You block the gnoll's attack. The jackal completely misses you.
The gnoll hits you but does no damage. The jackal barely misses you.
Drink which item? (? for menu, Esc to quit)
It was a potion of degeneration.
There was something very wrong with that liquid.
You feel weakened. The gnoll hits you but does no damage.
The jackal bites you but does no damage.
The gnoll completely misses you.
Drink which item? (? for menu, Esc to quit)
You feel very mighty all of a sudden. You block the jackal's attack.
The gnoll hits you but does no damage. You block the gnoll's attack.
You closely miss the gnoll. You block the jackal's attack.
The gnoll hits you with a flail.
You die...

# #......#.##.# # #......#.##.# #
#....)...##.## # #............# #
#............# # ##.#.........# #
#.#.........#
#####.#........g#################
..............gh♣g...............
#####.####...####################
# #......................# #
######...########..###.# #
#...########).# ###### #
#...#.........# ...... #
#...#.........########## #
#####................... #
#........###########


You could see 3 gnolls and a jackal.

Vanquished Creatures
  2 adders
  A gnoll (D:1)
  An ooze (D:1)
  A worm (D:2)
  4 giant geckos (D:1)
  A ball python (D:2)
  3 giant cockroaches (D:1)
  8 hobgoblins
  6 jackals
  A quokka (D:3)
  13 bats
  2 giant newts (D:1)
  6 goblins
  5 kobolds (D:1)
  5 rats
59 creatures vanquished.

Notes
Turn   | Place    | Note
--------------------------------------------------------------
     0 | D:1      | Mestraal the High Elf Fighter began the quest for the Orb.
     0 | D:1      | Reached XP level 1. HP: 16/16 MP: 2/2
    11 | D:1      | Noticed an electric eel
   293 | D:1      | Reached XP level 2. HP: 21/21 MP: 3/3
   681 | D:1      | Reached skill level 1 in Dodging
   681 | D:1      | Reached XP level 3. HP: 22/26 MP: 4/4
  2040 | D:1      | Reached XP level 4. HP: 31/31 MP: 5/5
  3390 | D:2      | HP: 1/46 [gnoll/club (4)]
  3393 | D:2      | Slain by a gnoll

Action                   |  1- 3 |  4- 6 || total
-------------------------+-------+-------++-------
Melee: Long sword        |   149 |    62 ||   211
  Use: Potion            |       |     3 ||     3
  Eat: Bread ration      |     1 |       ||     1
       Chunk             |       |     3 ||     3
       Fruit             |       |     1 ||     1
